Map: Para Site LE

Players

Lambo - Winner!

  • Race: Zerg Zerg
  • League: Grandmaster
  • Spawn Location: 11:00

Denver

  • Race: Zerg Zerg
  • League: Grandmaster
  • Spawn Location: 5:00

VOD

Have the link to the VOD?

Description

Time

  • Played on: Dec. 16, 2018, 10:56 a.m.
  • Length: 4:51
Show
View Real Time Build Order
Export as new Build Order

Lambo Zerg - Winner!

Build Orders: Hatch First, Zergling Baneling 

Get SALT Encoding   

  12  0:01  Drone  
  13  0:12  Overlord  
  13  0:17  Drone  
  14  0:30  Drone x2  
  16  0:47  Hatchery  
  15  0:51  Drone  
  15  0:55  Drone  
  17  0:59  Drone  
  18  1:09  Extractor  
  17  1:14  Spawning Pool  
  17  1:18  Drone  
  17  1:21  Drone  
  18  1:27  Drone  
  19  1:40  Drone  
  20  1:51  Overlord  
  20  2:01  Queen x2  
  20  2:02  Drone  
  20  2:03  Zergling x2  
  26  2:11  Drone x2  
  26  2:12  Metabolic Boost  
  28  2:20  Drone  
  29  2:26  Drone  
  30  2:31  Drone  
  31  2:40  Baneling Nest  
  31  2:44  Zergling x2  
  31  2:48  Zergling x2  
  31  2:50  Hatchery  
  31  2:52  Overlord  
  31  2:54  Drone  
  32  3:00  Zergling x2  
  32  3:04  Queen  
  35  3:12  Zergling x6  
  38  3:17  Zergling x4  
  40  3:23  Baneling  
  40  3:26  Baneling x2  
  36  3:28  Zergling x2  
  36  3:29  Zergling x4  
  36  3:35  Baneling x2  
  34  3:45  Drone x2  
  34  3:46  Queen  
  37  3:48  Baneling  
  33  3:56  Baneling x2  
  33  3:57  Drone  
  33  3:59  Zergling x2  
  35  4:09  Zergling x4  
  30  4:18  Zergling x6  
  32  4:25  Baneling x2  
  32  4:32  Drone x2  
  32  4:33  Drone  
  32  4:36  Baneling  
Show
View Real Time Build Order
Export as new Build Order

Denver Zerg 

Build Orders: Pool First 

Get SALT Encoding   

  12  0:00  Drone  
  13  0:11  Overlord  
  13  0:16  Drone  
  14  0:30  Drone x2  
  14  0:35  Drone  
  17  0:44  Extractor  
  17  0:45  Spawning Pool  
  17  0:49  Drone  
  16  0:55  Drone  
  17  1:12  Hatchery  
  17  1:17  Drone  
  17  1:23  Drone  
  18  1:33  Zergling x2  
  18  1:36  Queen  
  21  1:40  Zergling x2  
  21  1:46  Metabolic Boost  
  22  2:04  Overlord  
  22  2:09  Baneling Nest  
  22  2:10  Zergling x2  
  22  2:23  Zergling x4  
  22  2:26  Zergling x2  
  22  2:29  Queen  
  27  2:34  Zergling x2  
  28  2:38  Zergling x2  
  30  2:44  Zergling x6  
  30  2:49  Zergling x2  
  33  2:54  Baneling  
  33  2:55  Baneling x2  
  33  2:56  Baneling  
  33  2:57  Overlord  
  33  3:04  Zergling x2  
  34  3:09  Zergling x4  
  36  3:18  Zergling x6  
  39  3:20  Zergling x2  
  40  3:33  Zergling x6  
  40  3:47  Baneling x3  
  34  3:56  Drone  
  34  3:57  Drone x5  
  34  4:01  Drone  
  31  4:18  Drone x4  
  32  4:24  Zergling x2  
  32  4:29  Evolution Chamber  
  32  4:32  Zergling x8  
  32  4:35  Drone x2  
Tags
 
Add a new tag
Caveats
  • Supply blocks, unpowered buildings, or Contaminate may cause inaccurate times.
  • Supply counts are checked every 10 seconds.